Map: Overgrowth LE (Void)

Players

IMPhoenix - Winner!

  • Race: Zerg Zerg
  • League: Gold
  • Spawn Location: 7:00

SlugChrist

  • Race: Terran Terran
  • League: Gold
  • Spawn Location: 1:00

VOD

Have the link to the VOD?

Description

Time

  • Played on: Jan. 11, 2017, 6:39 p.m.
  • Length: 10:32
Show
View Real Time Build Order
Export as new Build Order

IMPhoenix Zerg - Winner!

Build Orders: Pool First 

Get SALT Encoding   

  12  0:02  Drone  
  13  0:13  Overlord  
  13  0:20  Drone  
  14  0:33  Drone x2  
  16  0:40  Drone  
  17  0:47  Spawning Pool  
  16  0:50  Drone  
  17  0:57  Drone  
  18  1:08  Drone  
  19  1:19  Drone  
  19  1:21  Hatchery  
  19  1:25  Extractor  
  18  1:30  Drone  
  19  1:35  Evolution Chamber  
  18  1:41  Drone  
  18  1:42  Queen  
  21  1:53  Drone  
  22  2:04  Roach Warren  
  22  2:08  Drone  
  22  2:12  Extractor  
  21  2:17  Drone  
  22  2:30  Overlord  
  22  2:34  Queen  
  24  2:46  Roach x2  
  24  2:49  Roach x2  
  32  3:01  Drone x2  
  32  3:02  Drone  
  35  3:13  Zerg Missile Weapons Level 1  
  35  3:38  Drone  
  35  3:39  Overlord  
  35  3:40  Overlord x2  
  36  3:51  Lair  
  36  4:00  Drone x8  
  44  4:08  Drone  
  45  4:20  Roach x6  
  57  4:41  Roach  
  57  4:43  Overlord  
  59  4:47  Ravager  
  59  4:48  Hatchery  
  59  5:00  Overlord x4  
  59  5:03  Roach x2  
  63  5:08  Glial Reconstitution  
  63  5:14  Zerg Missile Weapons Level 2  
  63  5:24  Drone x6  
  69  5:36  Overseer x2  
  69  5:48  Drone x4, Roach  
  69  5:49  Extractor  
  74  5:51  Extractor  
  71  6:07  Roach x2  
  71  6:08  Roach x4  
  83  6:23  Drone x4  
  83  6:24  Drone x3  
  83  6:25  Queen  
  92  6:34  Pneumatized Carapace  
  92  6:37  Roach x5  
  102  6:45  Infestation Pit  
  101  6:56  Drone x5  
  101  7:00  Overlord x3  
  106  7:22  Infestor x2, Roach x6  
  122  7:31  Burrow  
  122  7:38  Drone x6  
  122  7:39  Drone x2  
  122  7:43  Extractor  
  129  7:49  Extractor  
  128  7:51  Roach  
  128  7:53  Overlord x6  
  130  7:59  Zerg Ground Armor Level 1  
  130  8:14  Infestor  
  130  8:15  Roach x6  
  144  8:39  Hatchery, Roach x6  
  155  8:50  Roach x3  
  155  8:53  Overlord x4  
  161  9:07  Overlord x3  
  151  9:35  Roach x2  
  151  9:36  Roach x6  
  151  9:37  Roach  
Show
View Real Time Build Order
Export as new Build Order

SlugChrist Terran 

Build Orders: MMM Bio 

Get SALT Encoding   

  12  0:01  SCV  
  13  0:14  SCV  
  14  0:17  Supply Depot  
  14  0:26  SCV  
  15  0:32  Refinery  
  15  0:39  SCV  
  16  0:45  Barracks  
  16  0:52  SCV  
  17  1:04  SCV  
  18  1:16  SCV  
  19  1:28  SCV  
  20  1:33  Supply Depot  
  20  1:38  Reaper  
  21  1:40  SCV  
  22  1:48  Bunker  
  22  1:52  SCV  
  23  2:02  Command Center  
  23  2:12  Marine  
  25  2:16  Orbital Command  
  24  2:30  Marine  
  24  2:31  Factory  
  25  2:46  SCV  
  25  2:47  Marine  
  27  2:52  Barracks  
  27  3:05  Marine  
  27  3:06  SCV  
  29  3:15  Factory Reactor, Starport  
  29  3:19  Barracks  
  29  3:23  Marine  
  29  3:39  Marine  
  29  3:41  Marine  
  29  3:46  Bunker  
  30  3:49  Bunker  
  30  3:58  SCV  
  30  3:59  Marine  
  30  4:00  Barracks Reactor, Factory Tech Lab, Refinery  
  32  4:07  Orbital Command  
  32  4:16  Marine, Medivac  
  35  4:26  SCV  
  36  4:34  Marine  
  36  4:36  Siege Tank  
  36  4:37  Supply Depot  
  36  4:38  SCV  
  42  4:40  Barracks Tech Lab  
  42  4:41  Marine x2  
  42  4:43  SCV  
  44  4:56  Marine  
  44  4:59  Marine x2  
  47  5:00  Marauder  
  49  5:08  SCV  
  49  5:11  SCV  
  53  5:15  Refinery  
  53  5:17  Refinery  
  53  5:18  Marine  
  54  5:27  Stimpack  
  54  5:32  Marauder  
  54  5:35  Barracks Tech Lab  
  54  5:48  Command Center  
  54  5:58  Marine  
  47  6:12  Marine, Medivac x2  
  47  6:13  Marine x2  
  54  6:24  Barracks  
  54  6:25  Barracks  
  54  6:27  Barracks  
  54  6:34  Supply Depot  
  54  6:55  Marine x3  
  54  6:56  Siege Tank, SCV x2  
  54  7:00  Marauder  
  64  7:07  Viking x2  
  64  7:08  SCV  
  69  7:09  SCV  
  69  7:13  Marine x2  
  72  7:20  Marine x2  
  72  7:22  Marauder  
  76  7:25  Barracks Tech Lab  
  76  7:26  Barracks Tech Lab  
  76  7:31  Engineering Bay  
  76  7:33  Engineering Bay  
  76  7:34  Marine  
  77  7:39  Barracks Reactor  
  77  7:45  Orbital Command  
  77  8:10  Supply Depot x2  
  77  8:12  Marine x2  
  77  8:13  SCV, Marauder x2  
  77  8:18  Marine  
  85  8:31  Marine, Medivac  
  85  8:32  Marauder  
  90  8:39  Marine x2  
  90  8:40  Marine x2  
  94  8:42  Combat Shields  
  94  8:44  Concussive Shells  
  94  8:45  Marauder  
  94  8:46  Marauder  
  94  8:47  SCV  
  99  8:49  Marine  
  100  8:56  SCV  
  100  8:58  Refinery  
  91  9:25  Marine  
  91  9:28  Marine  
  91  9:29  Marine  
  91  9:30  Marine  
  86  9:34  Marauder  
  62  9:46  Marine  
  62  9:47  Marine x2  
  62  9:49  Marine  
Tags
 
Composition
MMM Bio
League
GoldGold
Matchup
TvZ
Opening
Pool First
Replay Pack
All Mines
Spawn Locations
Cross Positions
Add a new tag
Caveats
  • Supply blocks, unpowered buildings, or Contaminate may cause inaccurate times.
  • Supply counts are checked every 10 seconds.